 Dungeon Crawl Stone Soup version 0.24.0-1-gfbc8707122 (console) character file.

Game seed: 7107762293162324319, levelgen mode: deterministic

186 AlterAsc the Conjurer (level 5, -4/30 HPs)
             Began as a Deep Elf Conjurer on Oct 28, 2019.
             Slain by an ogre
             ... wielding a +0 giant club
              (34 damage)
             ... on level 3 of the Dungeon.
             The game lasted 00:08:27 (2494 turns).

AlterAsc the Conjurer (Deep Elf Conjurer)           Turns: 2494, Time: 00:08:27

Health: -4/30      AC:  3    Str:  5    XL:     5   Next: 38%
Magic:  3/14       EV: 13    Int: 21    God:
Gold:   147        SH:  2    Dex: 15    Spells: 10/13 levels left

rFire    . . .     SeeInvis .   l - +1 dagger (vamp)
rCold    . . .     Gourm    .   (no shield)
rNeg     . . .     Faith    .   a - +0 robe
rPois    .         Spirit   .   (no helmet)
rElec    .         Reflect  +   (no cloak)
rCorr    .         Harm     .   (no gloves)
MR       .....                  k - +0 pair of boots
Stlth    ++........             f - +2 amulet of reflection
HPRegen  0.10/turn              (no ring)
MPRegen  0.14/turn              (no ring)

@: no status effects
A: no striking features
a: no special abilities


You were on level 3 of the Dungeon.
You were hungry.

You visited 1 branch of the dungeon, and saw 3 of its levels.

You collected 147 gold pieces.

Inventory:

Hand Weapons
 l - a +1 vampiric dagger (weapon)
Armour
 a - a +0 robe (worn)
 k - a +0 pair of boots (worn)
Jewellery
 f - a +2 amulet of reflection (around neck)
Scrolls
 b - a scroll of enchant weapon {unknown}
 d - a scroll of teleportation {unknown}
 e - a scroll of noise {unknown}
 g - 2 scrolls of identify {unknown}
 h - 5 scrolls of enchant armour {unknown}
 i - a scroll of fog {unknown}
 p - 2 scrolls of fear {unknown}
 t - 2 scrolls of remove curse {unknown}
Potions
 j - a potion of lignification {unknown}
 m - a potion of degeneration {unknown}
 n - 2 potions of curing {unknown}
 o - a potion of mutation {unknown}
 q - a potion of magic {unknown}
 s - a potion of haste {unknown}
Comestibles
 c - 3 rations


   Skills:
 + Level 1.9 Fighting
 - Level 3.0 Dodging
 - Level 3.0 Stealth
 + Level 4.8 Spellcasting
 + Level 5.5 Conjurations


You had 10 spell levels left.
You knew the following spells:

 Your Spells              Type           Power        Failure   Level  Hunger
a - Magic Dart            Conj           ####         1%          1    None
b - Searing Ray           Conj           ####..       1%          2    None

Your spell library contained the following spells:

 Spells                   Type           Power        Failure   Level  Hunger
 Dazzling Spray           Conj/Hex       ###...       11%         3    ##.....
 Iskenderun's Mystic Bla  Conj           ####....     12%         4    ####...
 Force Lance              Conj/Tloc      ###.....     34%         4    ####...
 Fulminant Prism          Conj/Hex       ###.......   34%         4    ####...


Dungeon Overview and Level Annotations

Branches:
Dungeon (3/15)

Altars:
Dithmenos
Makhleb

Annotations:
D:2 2 transporters
D:3 1 runed translucent door, zed's ghost, amateur TeSu


Message History

The magic dart hits the ogre.
The ogre is almost dead.
Casting: Magic Dart (safe; 1% risk of failure)
Confirm with . or Enter, or press ? or * to list all spells.
Aiming: Magic Dart (safe; 1% risk of failure)
Press: ? - help, Shift-Dir - straight line, f/p - ogre
Aim: an ogre, wielding a +0 giant club (almost dead)
The magic dart hits the ogre.
The ogre is almost dead.
You block the ogre's attack.
Casting: Magic Dart (safe; 1% risk of failure)
Confirm with . or Enter, or press ? or * to list all spells.
Aiming: Magic Dart (safe; 1% risk of failure)
Press: ? - help, Shift-Dir - straight line, f/p - ogre
Aim: an ogre, wielding a +0 giant club (almost dead)
The magic dart hits the ogre.
The ogre is almost dead.
The ogre hits you with a +0 giant club!!
Ouch! That really hurt!
You die...

.....#. ..# ....... .⌠.#
........ #.).. .......
...... ..#.#.## ###...#
#.....## #.....# #....
########O###### #....
.......@.+SFSW! ####....
.######..########.......
#.....##.....####.
#......#...#......
##.###<....##...#. #.#
#####.##...#. #.#
#.##.#.#. #.# #....#.#.
#.# #.....#.#.


You could see an ogre, a bullfrog, zed's ghost and 2 adders.

Vanquished Creatures
  An iguana (D:3)
  Jessica (D:3)
  4 adders
  2 oozes
  An adder zombie (D:3)
  2 worms (D:2)
  5 dart slugs
  3 leopard geckos
  2 orcs
  A ball python (D:3)
  3 giant cockroaches
  7 goblins
  8 hobgoblins
  9 kobolds
  5 bats
  3 frilled lizards
  10 rats
67 creatures vanquished.

Notes
Turn   | Place    | Note
-------+----------+-------------------------------------------
     0 | D:1      | AlterAsc the Deep Elf Conjurer began the quest for the Orb.
     0 | D:1      | Reached XP level 1. HP: 10/10 MP: 6/6
   161 | D:1      | Reached XP level 2. HP: 7/15 MP: 2/8
   619 | D:1      | Reached XP level 3. HP: 17/19 MP: 3/10
  1020 | D:2      | Learned a level 2 spell: Searing Ray
  1142 | D:2      | Reached skill level 1 in Fighting
  1142 | D:2      | Reached skill level 5 in Conjurations
  1142 | D:2      | Reached XP level 4. HP: 17/25 MP: 2/12
  1616 | D:2      | Noticed a black bear
  1619 | D:2      | Found a transporter.
  1620 | D:2      | Found a transporter.
  1620 | D:2      | Found a burning altar of Makhleb.
  1804 | D:2      | Found a shadowy altar of Dithmenos.
  2143 | D:3      | Reached XP level 5. HP: 10/30 MP: 3/14
  2470 | D:3      | Found a runed translucent door.
  2479 | D:3      | Noticed zed's ghost (amateur TeSu)
  2483 | D:3      | Noticed Jessica
  2486 | D:3      | Killed Jessica
  2486 | D:3      | Noticed an ogre
  2494 | D:3      | Slain by an ogre

Levels and vault maps discovered:
D:1:      minmay_arrival_plants_in_alcoves, layout_basic, nrook_campfire
D:2:      layout_basic, nicolae_dithmenos_through_a_glass_darkly,
          gammafunk_temple_overflow_arena
D:3:      layout_rooms, nemelex_xobeh_ov_fountains_minmay,
          ebering_ghost_sewer_d, serial_co_window_serial, co_window_paths_a,
          co_window_paths_a, co_window_paths_a, co_window_of_opportunity_a,
          co_window_paths_a, co_window_of_opportunity_b, co_window_broadway_c,
          co_window_cross_3, glass_columns_a, glass_columns_a, glass_columns_b,
          first_ration, st_stairs_6, uniq_terence, uniq_crazy_yiuf_cottage,
          uniq_jessica

Skill      XL: |  1  2  3 |
---------------+----------+-----
Stealth        | 3 |  3.0
Dodging        | 3 |  3.0
Spellcasting   | 4 |  4.8
Fighting       | 1 |  1.9
Conjurations   | 5 |  5.5

Action                   |  1- 3 |  4- 6 || total
-------------------------+-------+-------++-------
Melee: Unarmed           |     4 |       ||     4
       Dagger            |     1 |       ||     1
 Cast: Magic Dart        |    84 |    82 ||   166
       Searing Ray       |       |     1 ||     1
  Eat: Chunk             |     1 |     3 ||     4
Armor: Robe              |     1 |     1 ||     2
Dodge: Dodged            |    10 |    10 ||    20
Block: Other             |       |     3 ||     3
